 Dungeon Sprint DCSS version 0.30-a0-900-g23479c02f2 (webtiles) character file.

Game seed: 14061638480725250472

151 dialectric the Trooper (level 5, -1/46 HPs)
             Began as a Demonspawn Fighter on Mar 18, 2023.
             Slain by a wyvern (13 damage)
             ... in the Dungeon (Sprint II: "The Violet Keep of Menkaure").
             The game lasted 00:00:27 (46 turns).

dialectric the Trooper (Demonspawn Fighter)           Turns: 46, Time: 00:00:27

Health: -1/46      AC:  7    Str: 16    XL:     5   Next: 10%
Magic:  5/5        EV: 11    Int:  9    God:
Gold:   243        SH:  4    Dex: 15    Spells: 4/4 levels left

rFire   . . .      SeeInvis .    a - +0 long sword
rCold   . . .      Faith    .    (no shield)
rNeg    . . .      Spirit   .    b - +0 scale mail
rPois   .          Reflect  .    (no helmet)
rElec   .          Rampage  .    (no cloak)
rCorr   .          NoTele   +    (no gloves)
Will    .....                    (no boots) Stlth
                                 (no amulet)
HPRegen 0.27/turn                (no ring)
MPRegen 0.09/turn                (no ring)

@: mighty, on berserk cooldown, slowed, very slow
A: spiny 1, condensation shield
a: no special abilities


You were in the Dungeon.
You visited 1 branch You collected 243 gold pieces.

Inventory:

Hand Weapons
 a - a +0 long sword (weapon)
Armour
 b - a +0 scale mail (worn)
 c - a +0 buckler
Scrolls
 j - a scroll of blinking
Potions
 e - a potion of curing
 f - a potion of heal wounds
 g - a potion of haste
 h - 2 potions of magic


   Skills:
 + Level 6.0 Fighting
 * Level 4.8 Long Blades
 + Level 5.4 Armour
 * Level 4.4 Dodging
 + Level 2.6 Shields


You had 4 spell levels left.
You didn't know any spells.
Your spell library was empty.

Dungeon Overview and Level Annotations

Branches:
Dungeon (1/1)

Altars:

Shops:
D :=*(?([[


Innate Abilities, Weirdness & Mutations

You are partially covered in sharp spines.
A meltable shield of frost defends you. (SH +4)


Message History

You slash the wyvern!
The wyvern is severely wounded.
The wyvern bites you but does no damage.
The wyvern bites you!
You slash the wyvern!
You kill the wyvern!
Your Fighting skill gained 3 levels and is now at level 6!
Your Long Blades skill gained 2 levels and is now at level 4!
Your Armour skill gained 2 levels and is now at level 5!
Your Dodging skill gained 3 levels and is now at level 4!
You have reached level 3!
Your experience leads to an increase in your attributes!
Increase (S)trength, (I)ntelligence, or (D)exterity?
You feel agile. x2; Your demonic ancestry asserts itself...
Sharp spines emerge from parts of your body.
You have reached level 4!
You feel agile.
You have reached level 5!
You closely miss the wyvern. The wyvern bites you!
* * * LOW HITPOINT WARNING * * *
You hit the wyvern.
The wyvern is lightly wounded.
The wyvern bites you.
* * * LOW HITPOINT WARNING * * *
You hit the wyvern.
The wyvern is moderately wounded.
You block the wyvern's attack.
You slash the wyvern!
The wyvern is heavily wounded.
The wyvern barely misses you.
You closely miss the wyvern.
The wyvern is heavily wounded.
You are no longer berserk.
You are exhausted.
You feel yourself slow down. The wyvern bites you.
* * * LOW HITPOINT WARNING * * *
You hit the wyvern.
The wyvern is heavily wounded.
You block the wyvern's attack. The wyvern bites you!
You die...

######~ .....#~
∩....#~ ## ##
.∩...#~ .# #.
∩.∩..#~ ## .#$
.∩.⌠.#~ #.# #l#
∩.∩..#~#†####@##
+~'##.†.<.+
∩....#~#...##.##
▓▓▓###~##.###+#
######~ ### ##


You could see a wyvern.

Vanquished Creatures
  A wyvern (D)
  3 worms (D)
4 creatures vanquished.

Vanquished Creatures (others)
  A water moccasin (D)
1 creature vanquished.

Grand Total: 5 creatures vanquished

Notes
Turn   | Place    | Note
-------+----------+-------------------------------------------
     0 | D        | dialectric the Demonspawn Fighter began the quest for the
                  | Orb.
     0 | D        | Reached XP level 1. HP: 18/18 MP: 1/1
    13 | D        | Reached skill level 1 in Dodging
    19 | D        | Killed a water moccasin
    21 | D        | Found Nonnofur's Antique Weapon Boutique.
    21 | D        | Found Duwibaaw's Armour Boutique.
    21 | D        | Found Gifite Ziri's Magic Scroll Shop.
    22 | D        | Found Rogges's Antique Armour Shop.
    22 | D        | Found Houti's Weapon Shop.
    22 | D        | Found Huwez's Assorted Antiques.
    22 | D        | Found Weejovex's Jewellery Shop.
    22 | D        | Found Datwow's Book Boutique.
    27 | D        | Gained mutation: A meltable shield of frost defends you.
                  | (SH +4) [demonic ancestry]
    27 | D        | Reached XP level 2. HP: 23/25 MP: 2/2
    33 | D        | Noticed a wyvern
    33 | D        | Noticed a wyvern
    40 | D        | Killed a wyvern
    41 | D        | Reached skill level 6 in Fighting
    41 | D        | Reached skill level 5 in Armour
    41 | D        | Gained mutation: You are partially covered in sharp spines.
                  | [demonic ancestry]
    41 | D        | Reached XP level 3. HP: 25/34 MP: 3/3
    41 | D        | Reached XP level 4. HP: 30/40 MP: 4/4
    41 | D        | Reached XP level 5. HP: 34/46 MP: 5/5
    46 | D        | Slain by a wyvern

Illustrated notes

Levels and vault maps discovered:
D:        the_violet_keep_of_menkaure [sprint2_stairs_cluster_1,
          sprint2_shoproom, sprint2_temple, sprint2_basic_supplies,
          sprint2_obstacle_3, sprint2_obstacle_7, sprint2_obstacle_5,
          sprint2_obstacle_6, sprint2_obstacle_1, sprint2_timed_cluster_1,
          sprint2_smallroom_cluster_1, sprint2_smallroom_final_cluster_1,
          sprint2_transparent_cluster_1, sprint2_second_timed_cluster_1,
          sprint2_sniper_area_1, sprint2_heavy_combat_area_1,
          sprint2_mutation_trap_area_1, sprint2_forest_area_1,
          sprint2_light_combat_area_1, sprint2_behind_water_1,
          sprint2_near_end_vault_1]

Skill      XL: |  1  2 |
---------------+-------+-----
Long Blades    | 2 4 |  4.8
Armour         | 3 5 |  5.4
Dodging        | 1 4 |  4.4
Fighting       | 6 |  6.0
Shields        | |  2.6

Action                     |  1- 3 |  4- 6 || total
---------------------------+-------+-------++-------
  Melee: Long sword        |    15 |     6 ||    21
    Use: Potion            |     2 |       ||     2
 Armour: Scale mail        |     4 |       ||     4
  Dodge: Dodged            |     4 |     1 ||     5
  Block: Other             |     1 |     2 ||     3

Table legend: (Time is in decaauts)
 A = Elapsed time spent in this place.
 B = Non-inter-level travel time spent in this place.
 C = Inter-level travel time spent in this place.
 D = Time resting spent in this place.
 E = Time spent auto-exploring this place.
 F = Levels seen in this place.
 G = Mean time per level.
                   A        B        C        D        E       F      G
               +--------+--------+--------+--------+--------+-----+--------+
         Total |     47 |     47 |      0 |      0 |      0 |   1 |   47.0 |
       Dungeon |     47 |     47 |      0 |      0 |      0 |   1 |   47.0 |
               +--------+--------+--------+--------+--------+-----+--------+

Top non-repeatable levels by time:
       D: 47 daAuts
